Maroons vs Maple Leafs

Created - 17 novembre 2020 at 12:29

Goals
1 2 3 T
Maroons 0 1 3 4
Maple Leafs 2 0 4 6
Shots
1 2 3 T
Maroons 11 14 10 35
Maple Leafs 14 5 17 36

1st period

1. Maple Leafs , Joe Pavelski 1 (Ben Hutton 1, Nikolaj Ehlers 1) at 10:56
2. Maple Leafs , Logan Couture 2 (Mike Hoffman 4) at 13:16

Penalties :
No Penalty

2nd period

3. Maroons , Jay Beagle 2 (Nick Ritchie 1, Brenden Dillon 2) at 2:27

Penalties :
Carl Gunnarsson (MON) for High sticking (Minor) at 12:13

3rd period

4. Maroons , Charlie Coyle 2 (Pierre-Luc Dubois 2, Matthew Tkachuk 3) at 1:53
5. Maple Leafs , Joe Pavelski 2 (Hampus Lindholm 1, Jake Debrusk 1) at 2:49
6. Maroons , Pierre-Luc Dubois 5 (Matthew Tkachuk 4, Bryan Rust 3) at 3:27
7. Maroons , Bryan Rust 2 (Bo Horvat 3, Brendan Gallagher 2) at 5:03
8. Maple Leafs , Mike Hoffman 3 (Andrei Svechnikov 3, Joe Pavelski 1) at 10:39 (PP)
9. Maple Leafs , Logan Couture 3 (Nikolaj Ehlers 2, Alex Iafallo 2) at 14:56 (PP)
10. Maple Leafs , Troy Stecher 1 (Jesper Bratt 1, Hampus Lindholm 2) at 19:25

Penalties :
Matthew Tkachuk (MON) for Holding (Minor) at 6:19, Brenden Dillon (MON) for Slashing (Minor) at 10:29, Brenden Dillon (MON) for Hooking (Minor) at 13:28

Goalie Stats

John Gibson (MON), 30 saves from 36 shots - (0,833), L, 1-1-1, 60:00 minutes
Petr Mrazek (TOR), 31 saves from 35 shots - (0,886), W, 1-0-2, 60:00 minutes

Players Stats for Maroons

Player Name              G  A  P  +/- PIM S  H  SB GA TA FO     MP     PP MP  PK MP  
------------------------------------------------------------------------------------
Bo Horvat                0  1  1  -2  0   7  1  1  2  0  24/39  23:32   0:00   3:55 
Brendan Gallagher        0  1  1  -2  0   3  3  1  0  0  0/0    19:28   0:00   0:00 
Brenden Dillon           0  1  1   0  4   0  3  1  0  1  0/0    18:38   0:00   1:30 
Bryan Rust               1  1  2  -2  0   2  2  0  2  1  0/0    23:28   0:00   3:51 
Cal Clutterbuck          0  0  0   0  0   1  0  0  0  0  0/0    12:23   0:00   1:06 
Carl Gunnarsson          0  0  0   0  2   0  0  0  0  1  0/0    13:02   0:00   0:29 
Charlie Coyle            1  0  1   2  0   2  1  1  1  0  0/1    15:32   0:00   0:00 
Dylan McIlrath           0  0  0   0  0   0  0  0  0  0  0/0     0:49   0:00   0:00 
Esa Lindell              0  0  0   0  0   0  1  1  0  0  0/0    28:26   0:00   3:37 
Filip Zadina             0  0  0   0  0   4  1  0  0  0  0/0    10:59   0:00   0:00 
Frederik Gauthier        0  0  0   0  0   0  0  0  0  0  0/0     0:17   0:00   0:00 
Jacob Trouba             0  0  0   0  0   2  2  0  0  4  0/0    26:37   0:00   3:37 
Jay Beagle               1  0  1   0  0   1  0  0  0  0  1/2     7:58   0:00   0:00 
Matthew Tkachuk          0  2  2   2  2   4  2  0  1  0  0/2    16:04   0:00   0:32 
Nick Ritchie             0  1  1   0  0   3  0  1  1  0  0/1     7:58   0:00   0:00 
Nick Schmaltz            0  0  0   0  0   3  0  0  0  0  2/4    11:16   0:00   0:00 
Nicolas Aube-Kubel       0  0  0   0  0   0  1  0  0  0  0/0     7:58   0:00   0:00 
Pierre-Luc Dubois        1  1  2   2  0   2  3  0  0  1  3/9    17:21   0:00   1:48 
Rasmus Sandin            0  0  0   0  0   1  1  0  0  1  0/0    13:25   0:00   0:00 
Ryan McDonagh            0  0  0   0  0   0  0  0  0  2  0/0    19:09   0:00   1:59 

Players Stats for Maple Leafs

Player Name              G  A  P  +/- PIM S  H  SB GA TA FO     MP     PP MP  PK MP  
------------------------------------------------------------------------------------
Alex Iafallo             0  1  1   0  0   0  0  0  0  0  0/0    10:03   2:57   0:00 
Andrei Svechnikov        0  1  1   0  0   5  1  0  1  0  0/0    16:30   2:39   0:00 
Ben Hutton               0  1  1   1  0   1  2  0  0  1  0/0    19:11   2:00   0:00 
Blake Comeau             0  0  0   0  0   0  1  0  0  0  1/1     7:29   0:00   0:00 
Brandon Tanev            0  0  0   0  0   1  2  0  1  0  0/0    13:45   0:00   0:00 
Derek Ryan               0  0  0   0  0   2  0  0  1  0  2/3    13:45   0:00   0:00 
Dmitry Kulikov           0  0  0  -2  0   1  1  0  0  1  0/0    24:56   0:00   0:00 
Hampus Lindholm          0  2  2   2  0   1  2  0  0  1  0/0    19:33   2:00   0:00 
Ilya Kovalchuk           0  0  0  -1  0   1  3  0  0  1  1/1    18:06   3:36   0:00 
Jake Debrusk             0  1  1   1  0   4  3  1  1  0  0/0    18:57   0:00   0:00 
Jesper Bratt             0  1  1   0  0   1  0  0  1  1  0/0     7:29   0:00   0:00 
Joe Pavelski             2  1  3   1  0   5  3  0  0  0  12/30  21:18   2:39   0:00 
Logan Couture            2  0  2  -1  0   5  1  1  2  1  12/19  17:28   2:57   0:00 
Mike Hoffman             1  1  2  -1  0   3  1  0  2  0  0/2    17:15   2:39   0:00 
Mikhail Sergachev        0  0  0  -2  0   0  1  1  0  0  0/0    24:56   0:00   0:00 
Nikolaj Ehlers           0  2  2   1  0   5  1  0  2  0  0/2    21:31   2:57   0:00 
Travis Dermott           0  0  0   0  0   0  0  1  0  0  0/0    11:55   0:00   0:00 
Troy Stecher             1  0  1   1  0   1  0  1  0  1  0/0    15:53   3:36   0:00 

3 Stars

1 - Joe Pavelski (TOR)
2 - Pierre-Luc Dubois (MON)
3 - Logan Couture (TOR)

Power Play

Maroons - 0 on 0 Attempt(s) - 0,00%
Maple Leafs - 2 on 4 Attempt(s) - 50,00%

Penalty Kill

Maroons - 2 on 4 Attempt(s) - 50,00% - Score 0 goal in Penalty Kill
Maple Leafs - 0 on 0 Attempt(s) - 0,00% - Score 0 goal in Penalty Kill

Team Stat

Maroons - Hits : 21 - Faceoff Wins : 30 - Blocked Shots : 6 - Penalty Minutes : 8
Maple Leafs - Hits : 22 - Faceoff Wins : 28 - Blocked Shots : 5 - Penalty Minutes : 0

Official

Referees : Reid Anderson and Brandon Schrader
Linesman : Derek Wahl and Matt Brady

Game Notes

Dylan McIlrath is injured at 2:12 of 1st period (Strained Right Elbow)

Finance

Level 1 -- Attendance: 4403 (73,38%) -- Ticket Income 484 330 $
Level 2 -- Attendance: 3875 (77,50%) -- Ticket Income 251 875 $
Level 3 -- Attendance: 1290 (64,50%) -- Ticket Income 58 050 $
Level 4 -- Attendance: 3457 (86,43%) -- Ticket Income 76 054 $
Luxury Box -- Attendance: 640 (64,00%) -- Ticket Income 144 000 $
Game was played at the Air Canada Center.
Total Attendance: 13665 (75,92%)
Total Ticket Income: 1 014 309 $
Other Income: 497 011 $
Total Income: 1 511 320 $

Maroons

5 vs 5 Forward 
   Center                   Left Wing                Right Wing               Time % Phy DF OF 
 1 Bo Horvat                Bryan Rust               Brendan Gallagher        40     1   2  2  
 2 Pierre-Luc Dubois        Matthew Tkachuk          Charlie Coyle            30     1   2  2  
 3 Nick Schmaltz            Cal Clutterbuck          Filip Zadina             20     1   2  2  
 4 Jay Beagle               Nick Ritchie             Nicolas Aube-Kubel       10     1   2  2  

5 vs 5 Defense 
   Defense                  Defense                                           Time % Phy DF OF 
 1 Esa Lindell              Jacob Trouba                                      40     1   2  2  
 2 Ryan McDonagh            Brenden Dillon                                    30     1   2  2  
 3 Dylan McIlrath           Carl Gunnarsson                                   20     1   2  2  
 4 Rasmus Sandin            Esa Lindell                                       10     1   2  2  

PowerPlay Forward 
   Center                   Left Wing                Right Wing               Time % Phy DF OF 
 1 Bo Horvat                Bryan Rust               Brendan Gallagher        60     1   2  2  
 2 Pierre-Luc Dubois        Matthew Tkachuk          Charlie Coyle            40     1   2  2  

PowerPlay Defense
   Defense                  Defense                                           Time % Phy DF OF 
 1 Esa Lindell              Jacob Trouba                                      60     1   2  2  
 2 Ryan McDonagh            Brenden Dillon                                    40     1   2  2  

Penalty Kill 4 Players Forward 
   Center                   Wing                     Time % Phy DF OF 
 1 Bo Horvat                Bryan Rust               60     1   2  2  
 2 Matthew Tkachuk          Pierre-Luc Dubois        40     1   2  2  

Penalty Kill 4 Players Defense
   Defense                  Defense                  Time % Phy DF OF 
 1 Esa Lindell              Jacob Trouba             60     1   2  2  
 2 Ryan McDonagh            Brenden Dillon           40     1   2  2  

Penalty Kill - 3 Players Forward 
   Forward                                           Time % Phy DF OF 
 1 Bo Horvat                                         60     1   2  2  
 2 Bryan Rust                                        40     1   2  2  

Penalty Kill - 3 Players Defense
   Defense                  Defense                  Time % Phy DF OF 
 1 Esa Lindell              Jacob Trouba             60     1   2  2  
 2 Ryan McDonagh            Brenden Dillon           40     1   2  2  

4 vs 4 Forward 
   Center                   Wing                     Time % Phy DF OF 
 1 Bo Horvat                Bryan Rust               60     1   2  2  
 2 Matthew Tkachuk          Pierre-Luc Dubois        40     1   2  2  

4 vs 4 Defense
   Defense                  Defense                  Time % Phy DF OF 
 1 Esa Lindell              Jacob Trouba             60     1   2  2  
 2 Ryan McDonagh            Brenden Dillon           40     1   2  2  

Last Minutes Offensive
   Center                   Left Wing                Right Wing               Defense                  Defense                  
   Bo Horvat                Bryan Rust               Brendan Gallagher        Esa Lindell              Jacob Trouba             

Last Minutes Defensive
   Center                   Left Wing                Right Wing               Defense                  Defense                  
   Bo Horvat                Bryan Rust               Brendan Gallagher        Esa Lindell              Jacob Trouba             

Goaltenders
Starting : John Gibson              
Backup : Philippe Desrosiers      

Extra Forwards
Normal : Frederik Gauthier, Nick Schmaltz, Cal Clutterbuck - PP : Frederik Gauthier, Nick Schmaltz - PK : Cal Clutterbuck
Extra Defensemen
Normal : Dylan McIlrath, Carl Gunnarsson, Rasmus Sandin - PP : Dylan McIlrath - PK : Carl Gunnarsson, Rasmus Sandin
Penalty Shots
Bo Horvat, Bryan Rust, Matthew Tkachuk, Pierre-Luc Dubois, Brendan Gallagher
Custom OT Lines Forwards
Bo Horvat, Bryan Rust, Matthew Tkachuk, Pierre-Luc Dubois, Brendan Gallagher, Charlie Coyle, Nick Schmaltz, Cal Clutterbuck, Filip Zadina, Nick Ritchie
Custom OT Lines Defensemen
Esa Lindell, Jacob Trouba, Ryan McDonagh, Brenden Dillon, Dylan McIlrath

Scratches
None

Maple Leafs

5 vs 5 Forward 
   Center                   Left Wing                Right Wing               Time % Phy DF OF 
 1 Joe Pavelski             Jake Debrusk             Nikolaj Ehlers           37     0   2  3  
 2 Logan Couture            Ilya Kovalchuk           Mike Hoffman             31     0   2  3  
 3 Derek Ryan               Brandon Tanev            Andrei Svechnikov        22     0   4  1  
 4 Alex Iafallo             Blake Comeau             Jesper Bratt             10     0   4  1  

5 vs 5 Defense 
   Defense                  Defense                                           Time % Phy DF OF 
 1 Dmitry Kulikov           Mikhail Sergachev                                 40     0   3  2  
 2 Ben Hutton               Hampus Lindholm                                   30     0   3  2  
 3 Troy Stecher             Travis Dermott                                    20     0   3  2  
 4 Dmitry Kulikov           Mikhail Sergachev                                 10     0   3  2  

PowerPlay Forward 
   Center                   Left Wing                Right Wing               Time % Phy DF OF 
 1 Joe Pavelski             Andrei Svechnikov        Mike Hoffman             60     0   1  4  
 2 Logan Couture            Alex Iafallo             Nikolaj Ehlers           40     0   1  4  

PowerPlay Defense
   Defense                  Defense                                           Time % Phy DF OF 
 1 Ilya Kovalchuk           Troy Stecher                                      60     0   1  4  
 2 Ben Hutton               Hampus Lindholm                                   40     0   1  4  

Penalty Kill 4 Players Forward 
   Center                   Wing                     Time % Phy DF OF 
 1 Derek Ryan               Blake Comeau             60     0   5  0  
 2 Alex Iafallo             Brandon Tanev            40     0   5  0  

Penalty Kill 4 Players Defense
   Defense                  Defense                  Time % Phy DF OF 
 1 Hampus Lindholm          Troy Stecher             60     0   5  0  
 2 Ben Hutton               Mikhail Sergachev        40     0   5  0  

Penalty Kill - 3 Players Forward 
   Forward                                           Time % Phy DF OF 
 1 Logan Couture                                     60     1   2  2  
 2 Andrei Svechnikov                                 40     1   2  2  

Penalty Kill - 3 Players Defense
   Defense                  Defense                  Time % Phy DF OF 
 1 Mikhail Sergachev        Hampus Lindholm          60     1   2  2  
 2 Ben Hutton               Troy Stecher             40     1   2  2  

4 vs 4 Forward 
   Center                   Wing                     Time % Phy DF OF 
 1 Logan Couture            Andrei Svechnikov        60     0   3  2  
 2 Mike Hoffman             Alex Iafallo             40     0   3  2  

4 vs 4 Defense
   Defense                  Defense                  Time % Phy DF OF 
 1 Hampus Lindholm          Mikhail Sergachev        60     0   1  4  
 2 Ben Hutton               Troy Stecher             40     0   2  3  

Last Minutes Offensive
   Center                   Left Wing                Right Wing               Defense                  Defense                  
   Logan Couture            Andrei Svechnikov        Mike Hoffman             Hampus Lindholm          Mikhail Sergachev        

Last Minutes Defensive
   Center                   Left Wing                Right Wing               Defense                  Defense                  
   Logan Couture            Andrei Svechnikov        Mike Hoffman             Hampus Lindholm          Mikhail Sergachev        

Goaltenders
Starting : Petr Mrazek              
Backup : Anders Nilsson           

Extra Forwards
Normal : Ilya Kovalchuk, Blake Comeau, Jake Debrusk - PP : Ilya Kovalchuk, Blake Comeau - PK : Jake Debrusk
Extra Defensemen
Normal : Troy Stecher, Travis Dermott, Ben Hutton - PP : Troy Stecher - PK : Travis Dermott, Ben Hutton
Penalty Shots
Nikolaj Ehlers, Mike Hoffman, Andrei Svechnikov, Logan Couture, Jake Debrusk
Custom OT Lines Forwards
Logan Couture, Mike Hoffman, Andrei Svechnikov, Alex Iafallo, Brandon Tanev, Nikolaj Ehlers, Ilya Kovalchuk, Blake Comeau, Jake Debrusk, Derek Ryan
Custom OT Lines Defensemen
Travis Dermott, Hampus Lindholm, Ben Hutton, Mikhail Sergachev, Troy Stecher

Scratches
Kaapo Kakko (Healthy), Mattias Janmark (Healthy), Oscar Fantenberg (Healthy)

% Time on Ice - Maroons

Lines # - Real PCT - Wanted PCT - Time Play
Normal Forward
1 - 35% - 40% - 19:04
2 - 29% - 30% - 15:49
3 - 20% - 20% - 10:59
4 - 15% - 10% - 7:58
Normal Defense
1 - 40% - 40% - 21:22
2 - 31% - 30% - 16:36
3 - 23% - 20% - 12:25
4 - 6% - 10% - 3:27
PP Forward
1 - 0% - 60%
2 - 0% - 40%
PP Defense
1 - 0% - 60%
2 - 0% - 40%
PK Forward
1 - 81% - 60% - 4:32
2 - 19% - 40% - 1:04
PK Defense
1 - 65% - 60% - 3:37
2 - 35% - 40% - 1:59
PK3 Forward
1 - 0% - 60%
2 - 0% - 40%
PK3 Defense
1 - 0% - 60%
2 - 0% - 40%
44 Forward
1 - 0% - 60%
2 - 0% - 40%
44 Defense
1 - 0% - 60%
2 - 0% - 40%
Last Minute Offensive  - 0:34
Last Minute Defensive  - 0:00
Total
Forward - 60:00
Defense - 60:00

% Time on Ice - Maple Leafs

Lines # - Real PCT - Wanted PCT - Time Play
Normal Forward
1 - 35% - 37% - 18:39
2 - 27% - 31% - 14:31
3 - 26% - 22% - 13:45
4 - 13% - 10% - 6:58
Normal Defense
1 - 38% - 40% - 20:28
2 - 32% - 30% - 17:11
3 - 22% - 20% - 11:55
4 - 8% - 10% - 4:19
PP Forward
1 - 47% - 60% - 2:39
2 - 53% - 40% - 2:57
PP Defense
1 - 64% - 60% - 3:36
2 - 36% - 40% - 2:00
PK Forward
1 - 0% - 60%
2 - 0% - 40%
PK Defense
1 - 0% - 60%
2 - 0% - 40%
PK3 Forward
1 - 0% - 60%
2 - 0% - 40%
PK3 Defense
1 - 0% - 60%
2 - 0% - 40%
44 Forward
1 - 0% - 60%
2 - 0% - 40%
44 Defense
1 - 0% - 60%
2 - 0% - 40%
Last Minute Offensive  - 0:00
Last Minute Defensive  - 0:31
Total
Forward - 60:00
Defense - 60:00

Play-by-Play

1st period


0:01 of 1st period - Bo Horvat wins face-off versus Joe Pavelski in neutral zone.
0:04 of 1st period - Mikhail Sergachev is hit by Esa Lindell and loses puck.
1:20 of 1st period - Snap shot by Nick Ritchie.
1:20 of 1st period - Stopped by Petr Mrazek with a rebound.
2:11 of 1st period - Dylan McIlrath is hit by Hampus Lindholm and loses puck.
2:12 of 1st period - Dylan McIlrath from Maroons is injured at 2:12 of 1st period (Strained Right Elbow).
2:13 of 1st period - Joe Pavelski wins face-off versus Bo Horvat in Maroons zone.
4:11 of 1st period - Wrist shot by Logan Couture.
4:11 of 1st period - Stopped by John Gibson with a rebound.
5:09 of 1st period - Icing by Ben Hutton.
5:10 of 1st period - Joe Pavelski wins face-off versus Bo Horvat in Maple Leafs zone.
5:23 of 1st period - Slapshot by Brendan Gallagher.
5:23 of 1st period - Stopped by Petr Mrazek without a rebound.
5:24 of 1st period - Logan Couture wins face-off versus Pierre-Luc Dubois in Maple Leafs zone.
5:53 of 1st period - Snap shot by Bo Horvat.
5:53 of 1st period - Stopped by Petr Mrazek with a rebound.
5:59 of 1st period - Joe Pavelski is hit by Brenden Dillon and loses puck.
6:03 of 1st period - Icing by Nikolaj Ehlers.
6:04 of 1st period - Joe Pavelski wins face-off versus Matthew Tkachuk in Maple Leafs zone.
6:21 of 1st period - Wrist shot by Nikolaj Ehlers.
6:21 of 1st period - Stopped by John Gibson without a rebound.
6:22 of 1st period - Bo Horvat wins face-off versus Logan Couture in Maroons zone.
6:49 of 1st period - Esa Lindell is hit by Brandon Tanev and loses puck.
6:56 of 1st period - Andrei Svechnikov is hit by Filip Zadina.
7:02 of 1st period - Snap shot by Derek Ryan.
7:02 of 1st period - Stopped by John Gibson with a rebound.
7:10 of 1st period - Derek Ryan is hit by Brenden Dillon and loses puck.
7:32 of 1st period - Snap shot by Filip Zadina.
7:32 of 1st period - Stopped by Petr Mrazek with a rebound.
7:52 of 1st period - Backhand shot by Filip Zadina.
7:52 of 1st period - Shot Misses the Net.
8:00 of 1st period - Slapshot by Andrei Svechnikov.
8:00 of 1st period - Shot Misses the Net.
8:47 of 1st period - Wrist shot by Andrei Svechnikov.
8:47 of 1st period - Stopped by John Gibson without a rebound.
8:48 of 1st period - Bo Horvat wins face-off versus Joe Pavelski in Maroons zone.
8:57 of 1st period - Wrist shot by Nikolaj Ehlers.
8:57 of 1st period - Stopped by John Gibson without a rebound.
8:58 of 1st period - Bo Horvat wins face-off versus Joe Pavelski in Maroons zone.
9:27 of 1st period - Snap shot by Bo Horvat.
9:27 of 1st period - Stopped by Petr Mrazek with a rebound.
10:10 of 1st period - Joe Pavelski is hit by Jacob Trouba and loses puck.
10:27 of 1st period - Wrist shot by Bo Horvat.
10:27 of 1st period - Stopped by Petr Mrazek with a rebound.
10:41 of 1st period - Jacob Trouba is hit by Jake Debrusk and loses puck.
10:50 of 1st period - Slapshot by Nikolaj Ehlers.
10:50 of 1st period - Stopped by John Gibson with a rebound.
10:52 of 1st period - Slapshot by Ben Hutton.
10:52 of 1st period - Shot Blocked by Brendan Gallagher.
10:54 of 1st period - Slapshot by Ben Hutton.
10:54 of 1st period - Stopped by John Gibson with a rebound.
10:56 of 1st period - Wrist shot by Joe Pavelski.
10:56 of 1st period - Goal by Joe Pavelski - Maroons : 0 - Maple Leafs : 1.
10:57 of 1st period - Pierre-Luc Dubois wins face-off versus Logan Couture in neutral zone.
11:24 of 1st period - Nick Ritchie is hit by Blake Comeau and loses puck.
12:05 of 1st period - Mikhail Sergachev is hit by Rasmus Sandin and loses puck.
12:16 of 1st period - Jay Beagle is hit by Mikhail Sergachev and loses puck.
12:39 of 1st period - Snap shot by Nick Ritchie.
12:39 of 1st period - Stopped by Petr Mrazek without a rebound.
12:40 of 1st period - Blake Comeau wins face-off versus Charlie Coyle in Maple Leafs zone.
12:49 of 1st period - Blake Comeau is hit by Matthew Tkachuk and loses puck.
13:00 of 1st period - Wrist shot by Matthew Tkachuk.
13:00 of 1st period - Stopped by Petr Mrazek with a rebound.
13:16 of 1st period - Wrist shot by Logan Couture.
13:16 of 1st period - Goal by Logan Couture - Maroons : 0 - Maple Leafs : 2.
13:17 of 1st period - Pierre-Luc Dubois wins face-off versus Mike Hoffman in neutral zone.
13:22 of 1st period - Snap shot by Matthew Tkachuk.
13:22 of 1st period - Stopped by Petr Mrazek without a rebound.
13:23 of 1st period - Pierre-Luc Dubois wins face-off versus Logan Couture in Maple Leafs zone.
14:02 of 1st period - Wrist shot by Bryan Rust.
14:02 of 1st period - Shot Misses the Net.
14:32 of 1st period - Brandon Tanev is hit by Brenden Dillon and loses puck.
14:54 of 1st period - Wrist shot by Mike Hoffman.
14:54 of 1st period - Shot Misses the Net.
15:19 of 1st period - Icing by Carl Gunnarsson.
15:20 of 1st period - Bo Horvat wins face-off versus Joe Pavelski in Maroons zone.
15:35 of 1st period - Bryan Rust is hit by Nikolaj Ehlers and loses puck.
15:52 of 1st period - Slapshot by Mike Hoffman.
15:52 of 1st period - Stopped by John Gibson without a rebound.
15:53 of 1st period - Logan Couture wins face-off versus Pierre-Luc Dubois in Maroons zone.
16:05 of 1st period - Off-side.
16:06 of 1st period - Logan Couture wins face-off versus Pierre-Luc Dubois in neutral zone.
16:09 of 1st period - Matthew Tkachuk is hit by Ilya Kovalchuk and loses puck.
16:32 of 1st period - Bo Horvat is hit by Jake Debrusk and loses puck.
16:43 of 1st period - Wrist shot by Jake Debrusk.
16:43 of 1st period - Deflect By Joe Pavelski.
16:43 of 1st period - Shot Blocked by Brenden Dillon.
16:43 of 1st period - Puck is out of play.
16:44 of 1st period - Logan Couture wins face-off versus Pierre-Luc Dubois in Maroons zone.
17:19 of 1st period - Wrist shot by Nikolaj Ehlers.
17:19 of 1st period - Stopped by John Gibson with a rebound.
17:33 of 1st period - Nicolas Aube-Kubel is hit by Andrei Svechnikov and loses puck.
17:38 of 1st period - Slapshot by Andrei Svechnikov.
17:38 of 1st period - Stopped by John Gibson with a rebound.
17:44 of 1st period - Snap shot by Andrei Svechnikov.
17:44 of 1st period - Stopped by John Gibson without a rebound.
17:45 of 1st period - Logan Couture wins face-off versus Pierre-Luc Dubois in Maroons zone.
17:56 of 1st period - Wrist shot by Matthew Tkachuk.
17:56 of 1st period - Stopped by Petr Mrazek with a rebound.
17:58 of 1st period - Snap shot by Charlie Coyle.
17:58 of 1st period - Shot Misses the Net.
18:00 of 1st period - Wrist shot by Charlie Coyle.
18:00 of 1st period - Stopped by Petr Mrazek with a rebound.
19:31 of 1st period - Snap shot by Derek Ryan.
19:31 of 1st period - Shot Blocked by Charlie Coyle.
19:33 of 1st period - Wrist shot by Andrei Svechnikov.
19:33 of 1st period - Shot Misses the Net.
19:35 of 1st period - Slapshot by Derek Ryan.
19:35 of 1st period - Shot Misses the Net.
19:59 of 1st period - Wrist shot by Andrei Svechnikov.
19:59 of 1st period - Stopped by John Gibson without a rebound.
Goals for this period are 0 for Maroons vs 2 for Maple Leafs.
Shots for this period are 11 for Maroons vs 14 for Maple Leafs.

2nd period


0:01 of 2nd period - Joe Pavelski wins face-off versus Bo Horvat in neutral zone.
0:27 of 2nd period - Pierre-Luc Dubois is hit by Ilya Kovalchuk and loses puck.
0:54 of 2nd period - Snap shot by Jesper Bratt.
0:54 of 2nd period - Stopped by John Gibson without a rebound.
0:55 of 2nd period - Bo Horvat wins face-off versus Joe Pavelski in Maroons zone.
1:12 of 2nd period - Snap shot by Brendan Gallagher.
1:12 of 2nd period - Stopped by Petr Mrazek with a rebound.
1:29 of 2nd period - Wrist shot by Filip Zadina.
1:29 of 2nd period - Stopped by Petr Mrazek with a rebound.
1:31 of 2nd period - Snap shot by Cal Clutterbuck.
1:31 of 2nd period - Stopped by Petr Mrazek without a rebound.
1:32 of 2nd period - Bo Horvat wins face-off versus Logan Couture in Maple Leafs zone.
1:33 of 2nd period - Snap shot by Bryan Rust.
1:33 of 2nd period - Shot Blocked by Mikhail Sergachev.
1:45 of 2nd period - Wrist shot by Mike Hoffman.
1:45 of 2nd period - Shot Misses the Net.
2:25 of 2nd period - Snap shot by Nick Ritchie.
2:25 of 2nd period - Stopped by Petr Mrazek with a rebound.
2:27 of 2nd period - Snap shot by Jay Beagle.
2:27 of 2nd period - Goal by Jay Beagle - Maroons : 1 - Maple Leafs : 2.
2:28 of 2nd period - Ilya Kovalchuk wins face-off versus Bo Horvat in neutral zone.
2:55 of 2nd period - Dmitry Kulikov is hit by Charlie Coyle and loses puck.
3:33 of 2nd period - Off-side.
3:34 of 2nd period - Derek Ryan wins face-off versus Nick Ritchie in neutral zone.
3:59 of 2nd period - Ilya Kovalchuk is hit by Bryan Rust and loses puck.
4:48 of 2nd period - Snap shot by Nick Schmaltz.
4:48 of 2nd period - Shot Blocked by Travis Dermott.
4:50 of 2nd period - Slapshot by Nick Schmaltz.
4:50 of 2nd period - Deflect By Filip Zadina.
4:50 of 2nd period - Shot Blocked by Troy Stecher.
4:50 of 2nd period - Puck is out of play.
4:51 of 2nd period - Bo Horvat wins face-off versus Logan Couture in Maple Leafs zone.
5:18 of 2nd period - Jacob Trouba is hit by Joe Pavelski and loses puck.
5:39 of 2nd period - Filip Zadina is hit by Dmitry Kulikov.
5:43 of 2nd period - Slapshot by Nick Schmaltz.
5:43 of 2nd period - Shot Misses the Net.
7:00 of 2nd period - Wrist shot by Nick Schmaltz.
7:00 of 2nd period - Stopped by Petr Mrazek with a rebound.
8:02 of 2nd period - Wrist shot by Joe Pavelski.
8:02 of 2nd period - Stopped by John Gibson without a rebound.
8:03 of 2nd period - Bo Horvat wins face-off versus Joe Pavelski in Maroons zone.
8:38 of 2nd period - Snap shot by Matthew Tkachuk.
8:38 of 2nd period - Shot Misses the Net.
9:16 of 2nd period - Slapshot by Filip Zadina.
9:16 of 2nd period - Stopped by Petr Mrazek with a rebound.
9:54 of 2nd period - Brenden Dillon is hit by Ilya Kovalchuk and loses puck.
10:54 of 2nd period - Jake Debrusk is hit by Brendan Gallagher.
10:58 of 2nd period - Snap shot by Bryan Rust.
10:58 of 2nd period - Shot Misses the Net.
11:20 of 2nd period - Mike Hoffman is hit by Pierre-Luc Dubois and loses puck.
11:43 of 2nd period - Snap shot by Brandon Tanev.
11:43 of 2nd period - Stopped by John Gibson without a rebound.
11:44 of 2nd period - Joe Pavelski wins face-off versus Bo Horvat in Maroons zone.
11:51 of 2nd period - Slapshot by Jake Debrusk.
11:51 of 2nd period - Stopped by John Gibson without a rebound.
11:52 of 2nd period - Joe Pavelski wins face-off versus Bo Horvat in Maroons zone.
12:13 of 2nd period - Minor Penalty to Carl Gunnarsson for High sticking.
12:14 of 2nd period - Bo Horvat wins face-off versus Joe Pavelski in Maroons zone.
12:46 of 2nd period - Icing by Logan Couture.
12:47 of 2nd period - Logan Couture wins face-off versus Bo Horvat in Maple Leafs zone.
13:58 of 2nd period - Backhand shot by Andrei Svechnikov.
13:58 of 2nd period - Stopped by John Gibson without a rebound.
13:59 of 2nd period - Bo Horvat wins face-off versus Joe Pavelski in Maroons zone.
13:59 of 2nd period - Bo Horvat is hit by Joe Pavelski.
14:05 of 2nd period - Snap shot by Andrei Svechnikov.
14:05 of 2nd period - Shot Misses the Net.
14:13 of 2nd period - Penalty to Carl Gunnarsson is over, Carl Gunnarsson is back on ice.
14:25 of 2nd period - Hampus Lindholm is hit by Jacob Trouba and loses puck.
15:06 of 2nd period - Wrist shot by Pierre-Luc Dubois.
15:06 of 2nd period - Shot Misses the Net.
15:08 of 2nd period - Wrist shot by Matthew Tkachuk.
15:08 of 2nd period - Stopped by Petr Mrazek with a rebound.
15:10 of 2nd period - Wrist shot by Charlie Coyle.
15:10 of 2nd period - Shot Hit the Post.
15:12 of 2nd period - Slapshot by Rasmus Sandin.
15:12 of 2nd period - Deflect By Andrei Svechnikov.
15:12 of 2nd period - Stopped by Petr Mrazek with a rebound.
15:14 of 2nd period - Wrist shot by Pierre-Luc Dubois.
15:14 of 2nd period - Stopped by Petr Mrazek with a rebound.
15:38 of 2nd period - Snap shot by Bryan Rust.
15:38 of 2nd period - Stopped by Petr Mrazek with a rebound.
16:25 of 2nd period - Wrist shot by Bryan Rust.
16:25 of 2nd period - Shot Misses the Net.
17:13 of 2nd period - Icing by Brenden Dillon.
17:14 of 2nd period - Derek Ryan wins face-off versus Nick Schmaltz in Maroons zone.
17:29 of 2nd period - Wrist shot by Filip Zadina.
17:29 of 2nd period - Stopped by Petr Mrazek without a rebound.
17:30 of 2nd period - Bo Horvat wins face-off versus Joe Pavelski in Maple Leafs zone.
17:40 of 2nd period - Off-side.
17:41 of 2nd period - Bo Horvat wins face-off versus Joe Pavelski in neutral zone.
18:06 of 2nd period - Dmitry Kulikov is hit by Pierre-Luc Dubois and loses puck.
18:49 of 2nd period - Snap shot by Joe Pavelski.
18:49 of 2nd period - Shot Blocked by Nick Ritchie.
18:55 of 2nd period - Slapshot by Jacob Trouba.
18:55 of 2nd period - Deflect By Nikolaj Ehlers.
18:55 of 2nd period - Stopped by Petr Mrazek with a rebound.
18:57 of 2nd period - Slapshot by Jacob Trouba.
18:57 of 2nd period - Deflect By Jake Debrusk.
18:57 of 2nd period - Stopped by Petr Mrazek with a rebound.
Goals for this period are 1 for Maroons vs 0 for Maple Leafs.
Shots for this period are 14 for Maroons vs 5 for Maple Leafs.

3rd period


0:01 of 3rd period - Bo Horvat wins face-off versus Joe Pavelski in neutral zone.
0:06 of 3rd period - Snap shot by Bo Horvat.
0:06 of 3rd period - Stopped by Petr Mrazek with a rebound.
0:08 of 3rd period - Snap shot by Esa Lindell.
0:08 of 3rd period - Shot Blocked by Jake Debrusk.
0:51 of 3rd period - Slapshot by Filip Zadina.
0:51 of 3rd period - Shot Misses the Net.
0:53 of 3rd period - Slapshot by Jacob Trouba.
0:53 of 3rd period - Shot Misses the Net.
0:55 of 3rd period - Slapshot by Esa Lindell.
0:55 of 3rd period - Shot Misses the Net.
1:34 of 3rd period - Ryan McDonagh is hit by Ben Hutton and loses puck.
1:51 of 3rd period - Backhand shot by Pierre-Luc Dubois.
1:51 of 3rd period - Shot Blocked by Logan Couture.
1:53 of 3rd period - Wrist shot by Charlie Coyle.
1:53 of 3rd period - Goal by Charlie Coyle - Maroons : 2 - Maple Leafs : 2.
1:54 of 3rd period - Joe Pavelski wins face-off versus Bo Horvat in neutral zone.
1:59 of 3rd period - Snap shot by Joe Pavelski.
1:59 of 3rd period - Stopped by John Gibson with a rebound.
2:03 of 3rd period - Slapshot by Nikolaj Ehlers.
2:03 of 3rd period - Stopped by John Gibson with a rebound.
2:05 of 3rd period - Slapshot by Dmitry Kulikov.
2:05 of 3rd period - Deflect By Bo Horvat.
2:05 of 3rd period - Stopped by John Gibson with a rebound.
2:07 of 3rd period - Slapshot by Joe Pavelski.
2:07 of 3rd period - Shot Misses the Net.
2:09 of 3rd period - Snap shot by Nikolaj Ehlers.
2:09 of 3rd period - Deflect By Jake Debrusk.
2:09 of 3rd period - Shot Misses the Net.
2:09 of 3rd period - Puck is out of play.
2:10 of 3rd period - Logan Couture wins face-off versus Pierre-Luc Dubois in Maroons zone.
2:47 of 3rd period - Snap shot by Jake Debrusk.
2:47 of 3rd period - Stopped by John Gibson with a rebound.
2:49 of 3rd period - Snap shot by Hampus Lindholm.
2:49 of 3rd period - Deflect By Joe Pavelski.
2:49 of 3rd period - Goal by Joe Pavelski - Maroons : 2 - Maple Leafs : 3.
2:50 of 3rd period - Joe Pavelski wins face-off versus Bo Horvat in neutral zone.
2:53 of 3rd period - Snap shot by Jake Debrusk.
2:53 of 3rd period - Stopped by John Gibson without a rebound.
2:54 of 3rd period - Bo Horvat wins face-off versus Nikolaj Ehlers in Maroons zone.
3:27 of 3rd period - Wrist shot by Pierre-Luc Dubois.
3:27 of 3rd period - Goal by Pierre-Luc Dubois - Maroons : 3 - Maple Leafs : 3.
3:28 of 3rd period - Bo Horvat wins face-off versus Joe Pavelski in neutral zone.
3:35 of 3rd period - Wrist shot by Brendan Gallagher.
3:35 of 3rd period - Deflect By Bo Horvat.
3:35 of 3rd period - Stopped by Petr Mrazek without a rebound.
3:36 of 3rd period - Joe Pavelski wins face-off versus Bo Horvat in Maple Leafs zone.
3:36 of 3rd period - Joe Pavelski is hit by Brendan Gallagher.
4:21 of 3rd period - Wrist shot by Brendan Gallagher.
4:21 of 3rd period - Shot Misses the Net.
5:01 of 3rd period - Wrist shot by Bo Horvat.
5:01 of 3rd period - Stopped by Petr Mrazek with a rebound.
5:03 of 3rd period - Snap shot by Bryan Rust.
5:03 of 3rd period - Goal by Bryan Rust - Maroons : 4 - Maple Leafs : 3.
5:04 of 3rd period - Logan Couture wins face-off versus Matthew Tkachuk in neutral zone.
5:29 of 3rd period - Filip Zadina is hit by Ben Hutton and loses puck.
6:10 of 3rd period - Ilya Kovalchuk is hit by Pierre-Luc Dubois and loses puck.
6:19 of 3rd period - Minor Penalty to Matthew Tkachuk for Holding.
6:20 of 3rd period - Bo Horvat wins face-off versus Joe Pavelski in Maroons zone.
6:20 of 3rd period - Bo Horvat is hit by Mike Hoffman.
6:53 of 3rd period - Snap shot by Logan Couture.
6:53 of 3rd period - Stopped by John Gibson without a rebound.
6:54 of 3rd period - Joe Pavelski wins face-off versus Bo Horvat in Maroons zone.
7:03 of 3rd period - Wrist shot by Mike Hoffman.
7:03 of 3rd period - Shot Misses the Net.
7:05 of 3rd period - Snap shot by Andrei Svechnikov.
7:05 of 3rd period - Deflect By Mike Hoffman.
7:05 of 3rd period - Shot Misses the Net.
7:05 of 3rd period - Puck is out of play.
7:06 of 3rd period - Bo Horvat wins face-off versus Joe Pavelski in Maroons zone.
7:06 of 3rd period - Bo Horvat is hit by Joe Pavelski.
8:19 of 3rd period - Penalty to Matthew Tkachuk is over, Matthew Tkachuk is back on ice.
8:19 of 3rd period - Icing by Logan Couture.
8:20 of 3rd period - Logan Couture wins face-off versus Jay Beagle in Maple Leafs zone.
8:25 of 3rd period - Snap shot by Hampus Lindholm.
8:25 of 3rd period - Stopped by John Gibson without a rebound.
8:26 of 3rd period - Jay Beagle wins face-off versus Derek Ryan in Maroons zone.
9:43 of 3rd period - Snap shot by Nick Schmaltz.
9:43 of 3rd period - Stopped by Petr Mrazek without a rebound.
9:44 of 3rd period - Logan Couture wins face-off versus Bo Horvat in Maple Leafs zone.
9:53 of 3rd period - Slapshot by Ilya Kovalchuk.
9:53 of 3rd period - Stopped by John Gibson with a rebound.
10:09 of 3rd period - Hampus Lindholm is hit by Matthew Tkachuk and loses puck.
10:29 of 3rd period - Minor Penalty to Brenden Dillon for Slashing.
10:30 of 3rd period - Joe Pavelski wins face-off versus Bo Horvat in Maroons zone.
10:39 of 3rd period - Wrist shot by Mike Hoffman.
10:39 of 3rd period - Goal by Mike Hoffman - Maroons : 4 - Maple Leafs : 4.
10:40 of 3rd period - Bo Horvat wins face-off versus Logan Couture in neutral zone.
10:43 of 3rd period - Mikhail Sergachev is hit by Brendan Gallagher and loses puck.
10:48 of 3rd period - Wrist shot by Brendan Gallagher.
10:48 of 3rd period - Stopped by Petr Mrazek with a rebound.
11:06 of 3rd period - Charlie Coyle is hit by Jake Debrusk and loses puck.
11:49 of 3rd period - Mikhail Sergachev is hit by Nicolas Aube-Kubel and loses puck.
12:08 of 3rd period - Snap shot by Logan Couture.
12:08 of 3rd period - Stopped by John Gibson without a rebound.
12:09 of 3rd period - Bo Horvat wins face-off versus Logan Couture in Maroons zone.
12:16 of 3rd period - Bryan Rust is hit by Hampus Lindholm and loses puck.
12:43 of 3rd period - Snap shot by Nikolaj Ehlers.
12:43 of 3rd period - Shot Misses the Net.
12:45 of 3rd period - Snap shot by Joe Pavelski.
12:45 of 3rd period - Deflect By Charlie Coyle.
12:45 of 3rd period - Stopped by John Gibson with a rebound.
13:05 of 3rd period - Wrist shot by Nick Schmaltz.
13:05 of 3rd period - Stopped by Petr Mrazek without a rebound.
13:06 of 3rd period - Logan Couture wins face-off versus Bo Horvat in Maple Leafs zone.
13:06 of 3rd period - Logan Couture is hit by Bo Horvat.
13:12 of 3rd period - Snap shot by Mike Hoffman.
13:12 of 3rd period - Stopped by John Gibson with a rebound.
13:14 of 3rd period - Snap shot by Ilya Kovalchuk.
13:14 of 3rd period - Shot Hit the Post.
13:28 of 3rd period - Minor Penalty to Brenden Dillon for Hooking.
13:29 of 3rd period - Bo Horvat wins face-off versus Joe Pavelski in Maroons zone.
13:54 of 3rd period - Bryan Rust is hit by Logan Couture and loses puck.
14:03 of 3rd period - Wrist shot by Alex Iafallo.
14:03 of 3rd period - Deflect By Nikolaj Ehlers.
14:03 of 3rd period - Shot Misses the Net.
14:03 of 3rd period - Puck is out of play.
14:04 of 3rd period - Bo Horvat wins face-off versus Mike Hoffman in Maroons zone.
14:32 of 3rd period - Icing by Logan Couture.
14:33 of 3rd period - Logan Couture wins face-off versus Bo Horvat in Maple Leafs zone.
14:40 of 3rd period - Slapshot by Hampus Lindholm.
14:40 of 3rd period - Shot Blocked by Bo Horvat.
14:42 of 3rd period - Snap shot by Alex Iafallo.
14:42 of 3rd period - Shot Misses the Net.
14:54 of 3rd period - Snap shot by Nikolaj Ehlers.
14:54 of 3rd period - Shot Blocked by Esa Lindell.
14:56 of 3rd period - Wrist shot by Logan Couture.
14:56 of 3rd period - Goal by Logan Couture - Maroons : 4 - Maple Leafs : 5.
14:57 of 3rd period - Bo Horvat wins face-off versus Joe Pavelski in neutral zone.
15:03 of 3rd period - Icing by Mikhail Sergachev.
15:04 of 3rd period - Bo Horvat wins face-off versus Joe Pavelski in Maple Leafs zone.
15:09 of 3rd period - Slapshot by Bo Horvat.
15:09 of 3rd period - Stopped by Petr Mrazek without a rebound.
15:10 of 3rd period - Nick Schmaltz wins face-off versus Nikolaj Ehlers in Maple Leafs zone.
15:40 of 3rd period - Mike Hoffman is hit by Bryan Rust and loses puck.
16:14 of 3rd period - Matthew Tkachuk is hit by Brandon Tanev and loses puck.
17:19 of 3rd period - Snap shot by Derek Ryan.
17:19 of 3rd period - Stopped by John Gibson without a rebound.
17:20 of 3rd period - Joe Pavelski wins face-off versus Nick Schmaltz in Maroons zone.
19:23 of 3rd period - Wrist shot by Jesper Bratt.
19:23 of 3rd period - Shot Misses the Net.
19:25 of 3rd period - Slapshot by Troy Stecher.
19:25 of 3rd period - Goal by Troy Stecher - Maroons : 4 - Maple Leafs : 6.
19:26 of 3rd period - Nick Schmaltz wins face-off versus Joe Pavelski in neutral zone.
19:41 of 3rd period - Slapshot by Jake Debrusk.
19:41 of 3rd period - Stopped by John Gibson with a rebound.
Goals for this period are 3 for Maroons vs 4 for Maple Leafs.
Shots for this period are 10 for Maroons vs 17 for Maple Leafs.